Map: Orbital Shipyard

Players

Garmose - Winner!

  • Race: Protoss Protoss
  • League: Platinum

LilDicky

  • Race: Terran Terran
  • League: Gold

VOD

http://www.twitch.tv/tumescentpie

Description

Time

  • Played on: Nov. 19, 2015, 11:31 p.m.
  • Length: 20:31
Show
View Real Time Build Order
Export as new Build Order

Garmose Protoss - Winner!

Build Orders:  

Get SALT Encoding   

  12  0:02  Probe (Chrono Boost)  
  13  0:12  Probe (Chrono Boost)  
  14  0:18  Pylon  
  14  0:23  Probe (Chrono Boost)  
  15  0:36  Probe (Chrono Boost)  
  15  0:40  Gateway  
  16  0:46  Probe (Chrono Boost)  
  16  0:48  Assimilator  
  18  0:57  Probe (Chrono Boost)  
  18  1:01  Pylon  
  18  1:08  Probe (Chrono Boost)  
  19  1:19  Probe (Chrono Boost)  
  19  1:22  Assimilator  
  20  1:27  Cybernetics Core  
  20  1:29  Probe (Chrono Boost)  
  21  1:37  Zealot  
  23  1:40  Probe (Chrono Boost)  
  24  1:59  Probe (Chrono Boost)  
  24  2:03  Warp Gate (Chrono Boost)  
  24  2:05  Gateway  
  24  2:08  Stalker  
  26  2:19  Robotics Facility  
  26  2:25  Pylon  
  26  2:36  Mothership Core  
  28  2:59  Nexus  
  28  3:02  Probe  
  29  3:11  Observer  
  30  3:15  Sentry, Adept  
  29  3:27  Probe  
  30  3:39  Probe  
  31  4:02  Probe  
  32  4:06  Stalker  
  32  4:07  Stalker  
  36  4:14  Probe  
  37  4:25  Pylon  
  37  4:29  Robotics Bay  
  37  4:30  Probe  
  37  4:31  Probe  
  39  4:44  Probe  
  40  4:45  Probe  
  41  4:54  Adept x2  
  45  5:02  Probe  
  45  5:03  Probe  
  47  5:09  Assimilator  
  47  5:13  Warp Prism (Chrono Boost)  
  49  5:19  Probe  
  49  5:20  Probe  
  47  5:37  Zealot x2  
  51  5:49  Disruptor (Chrono Boost)  
  54  5:51  Probe  
  54  5:52  Probe  
  54  5:56  Gateway  
  56  5:57  Gateway  
  56  6:01  Probe  
  55  6:05  Probe  
  55  6:10  Stalker  
  55  6:11  Stalker  
  58  6:31  Disruptor (Chrono Boost)  
  61  6:41  Probe  
  61  6:43  Pylon  
  61  6:47  Pylon  
  62  6:59  Probe  
  64  7:01  Probe  
  64  7:19  Stalker x2  
  64  7:20  Stalker  
  70  7:41  Pylon  
  70  7:43  Pylon  
  70  7:46  Pylon  
  70  7:50  Assimilator  
  70  8:03  Pylon  
  64  8:16  Pylon  
  63  8:23  Pylon  
  63  8:46  Stalker  
  63  8:47  Stalker, Zealot x2  
  71  8:59  Nexus  
  71  9:01  Probe, Pylon  
  72  9:04  Pylon  
  72  9:07  Assimilator  
  72  9:08  Forge  
  72  9:11  Probe  
  72  9:12  Probe, Assimilator  
  74  9:17  Pylon  
  74  9:18  Gateway  
  74  9:21  Immortal (Chrono Boost)  
  74  9:24  Probe  
  79  9:28  Adept x2  
  79  9:29  Adept x2  
  85  9:43  Stalker  
  81  10:02  Photon Cannon  
  81  10:03  Photon Cannon  
  81  10:04  Photon Cannon  
  81  10:05  Photon Cannon  
  81  10:06  Probe, Photon Cannon  
  81  10:08  Probe  
  81  10:09  Photon Cannon  
  83  10:14  Sentry x2  
  83  10:19  Sentry  
  83  10:20  Probe  
  90  10:29  Probe  
  90  10:32  Probe  
  90  10:34  Probe  
  93  10:36  Disruptor (Chrono Boost)  
  93  10:40  Probe  
  93  10:41  Protoss Ground Weapons Level 1 (Chrono Boost)  
  93  10:42  Stalker  
  99  10:48  Probe  
  99  10:49  Probe  
  101  10:56  Zealot  
  103  11:03  Twilight Council  
  103  11:11  Immortal  
  107  11:19  Stalker  
  109  11:35  Stalker x2, Pylon  
  109  11:36  Stalker x2  
  117  11:41  Charge (Chrono Boost)  
  117  11:49  Probe  
  118  12:01  Probe  
  118  12:03  Photon Cannon  
  118  12:07  Pylon  
  76  12:33  Stalker x2  
  76  12:34  Zealot x2  
  76  12:35  Sentry  
  76  12:36  Mothership Core  
  87  13:00  Protoss Ground Armor Level 1  
  87  13:09  Stalker  
  87  13:10  Stalker x4  
  97  13:17  Probe  
  97  13:18  Probe x2  
  100  13:25  Photon Cannon  
  100  13:27  Photon Cannon  
  100  13:30  Probe  
  100  13:32  Pylon  
  101  13:34  Pylon  
  78  13:55  Adept x3  
  76  13:56  Adept  
  76  13:57  Adept  
  84  14:17  Adept  
  84  14:18  Adept x2  
  84  14:19  Adept x2  
  58  15:07  Stalker  
  58  15:08  Stalker x4  
  58  15:11  Colossus, Probe  
  69  15:22  Probe  
  69  15:26  Gateway x2  
  69  15:28  Pylon  
  70  15:36  Adept x3  
  70  15:37  Adept x2  
  70  15:39  Nexus  
  70  15:40  Mothership Core  
  70  15:41  Pylon  
  80  15:42  Pylon  
  80  15:46  Assimilator  
  80  15:48  Assimilator  
  82  15:52  Protoss Ground Weapons Level 2  
  82  15:57  Zealot  
  82  15:58  Zealot x4  
  82  16:04  Extended Thermal Lance (Chrono Boost), Disruptor  
  95  16:15  Nexus  
  95  16:18  Pylon  
  95  16:21  Pylon  
  95  16:23  Assimilator  
  95  16:24  Stalker x4  
  95  16:25  Stalker  
  105  16:27  Assimilator  
  105  16:40  Disruptor  
  105  16:45  Sentry  
  105  16:46  Sentry  
  112  16:47  Sentry x4  
  112  16:48  Sentry  
  101  17:27  Stalker x5  
  101  17:28  Stalker x2  
  111  17:53  Adept x4  
  111  17:54  Adept x3  
  125  18:01  Photon Cannon  
  125  18:02  Photon Cannon  
  125  18:10  Protoss Ground Armor Level 2  
  125  18:15  Adept x3  
  125  18:16  Sentry  
  125  18:17  Sentry, Zealot  
  125  18:18  Zealot  
  139  18:35  Probe  
  140  18:46  Probe  
  140  18:50  Observer  
  141  18:56  Stalker x3  
  141  18:57  Probe, Zealot x4  
  156  19:07  Probe  
  152  19:18  Probe  
  120  19:35  Stalker x2  
  120  19:36  Stalker x4  
  120  19:37  Stalker  
  113  19:58  Zealot  
  113  19:59  Zealot x4  
  123  20:00  Zealot x2  
  120  20:19  Zealot  
  120  20:20  Zealot x4  
  120  20:21  Zealot x2  
Show
View Real Time Build Order
Export as new Build Order

LilDicky Terran 

Build Orders: MMM Bio 

Get SALT Encoding   

  12  0:01  SCV  
  13  0:13  SCV  
  14  0:20  Supply Depot  
  14  0:27  SCV  
  15  0:37  Refinery  
  15  0:41  SCV  
  16  0:45  Barracks  
  16  0:53  SCV  
  17  1:06  SCV  
  18  1:18  SCV  
  19  1:32  Supply Depot  
  20  1:33  Marine  
  20  1:34  Orbital Command  
  20  1:42  Factory  
  20  1:53  Marine  
  21  2:00  SCV  
  22  2:12  SCV  
  22  2:17  Marine  
  23  2:24  SCV  
  24  2:32  Barracks  
  24  2:35  Marine  
  24  2:36  SCV, Refinery, Barracks  
  26  2:43  Supply Depot, Widow Mine  
  29  2:51  SCV  
  29  2:58  Barracks Reactor  
  29  3:03  SCV  
  29  3:09  Supply Depot  
  29  3:15  Widow Mine  
  31  3:22  Barracks Tech Lab  
  31  3:23  Barracks Tech Lab  
  31  3:24  SCV  
  32  3:35  Marine x2  
  32  3:36  SCV  
  32  3:39  Supply Depot  
  33  3:42  Combat Shields, Stimpack  
  33  3:43  Marine  
  33  3:44  Marine  
  33  3:57  Starport  
  33  3:58  Supply Depot, Marine  
  33  4:00  Marine  
  35  4:07  Marauder  
  37  4:10  Marine  
  38  4:19  Marine  
  38  4:20  Marine  
  40  4:28  Marauder  
  42  4:34  Marauder  
  42  4:37  Marine  
  45  4:39  Medivac  
  47  4:48  SCV  
  47  4:49  Supply Depot  
  48  4:54  Engineering Bay  
  48  5:02  Marine  
  48  5:03  Marine, Marauder  
  48  5:04  SCV  
  53  5:08  Marine  
  54  5:18  SCV  
  54  5:20  Marine  
  54  5:21  Marine  
  56  5:24  Marine  
  49  5:36  Marine  
  49  5:38  SCV, Marine  
  52  5:46  Command Center  
  52  5:50  Starport Reactor  
  49  6:18  Marine  
  49  6:19  Marauder, Marine  
  49  6:20  Marauder  
  49  6:21  SCV  
  56  6:30  Medivac x2  
  60  6:36  Marine x2  
  60  6:38  Concussive Shells  
  62  6:41  Marauder  
  62  6:43  SCV  
  65  6:47  Marine  
  67  7:02  Marauder  
  67  7:06  Marauder  
  71  7:15  Marine  
  70  7:24  Marauder  
  69  7:36  Marine  
  69  7:37  Medivac x2  
  69  7:39  SCV x2  
  75  7:46  Command Center  
  75  7:47  Engineering Bay, Barracks  
  75  7:48  Barracks  
  75  7:49  Engineering Bay  
  75  7:51  SCV  
  69  8:24  Marine  
  69  8:25  Marine x3  
  54  8:42  Barracks Tech Lab x2, Marine x4  
  54  8:43  SCV, Viking x2  
  54  8:45  Orbital Command  
  63  8:49  Refinery x2  
  63  8:56  SCV  
  63  9:00  Marine x2  
  66  9:06  Ghost Academy  
  66  9:14  Marine x2  
  66  9:15  Marauder  
  66  9:16  Terran Infantry Weapons Level 1  
  70  9:17  Terran Infantry Armor Level 1  
  70  9:18  SCV x2  
  72  9:26  Supply Depot  
  72  9:27  Marine x2  
  72  9:44  Marine x4  
  72  9:45  Orbital Command  
  74  9:47  SCV, Marine  
  74  9:50  Personal Cloaking  
  76  9:53  Ghost  
  76  9:58  Medivac  
  80  10:00  SCV  
  81  10:08  SCV  
  81  10:12  SCV  
  81  10:13  Marine x2  
  85  10:20  Supply Depot, SCV  
  86  10:28  Marine x2  
  86  10:29  Marauder  
  86  10:30  Medivac  
  86  10:31  SCV  
  86  10:34  SCV  
  94  10:43  Supply Depot  
  94  10:50  Factory  
  94  10:51  Marine x2  
  94  10:52  Marauder x2, Marine  
  101  11:11  Marine x2  
  101  11:12  Marauder x2  
  104  11:36  Marine x3  
  104  11:37  Marauder x2, Marine  
  112  11:47  Supply Depot  
  112  11:51  Armory  
  112  11:53  Marine  
  112  11:54  Marine  
  113  11:55  Marauder  
  113  11:56  Marauder  
  113  11:59  Marauder x2  
  122  12:11  Marine  
  122  12:12  Marine  
  120  12:16  Command Center, Marauder  
  120  12:17  Marauder  
  120  12:20  Marauder  
  90  12:38  Marine  
  90  12:39  Marauder, Marine  
  90  12:40  Marauder  
  79  12:58  Marine  
  74  12:59  Medivac x2, Marauder x2  
  74  13:00  SCV  
  74  13:03  Terran Infantry Weapons Level 2, Terran Infantry Armor Level 2  
  74  13:05  Supply Depot, Marine  
  84  13:06  Marine x2  
  86  13:15  SCV x2  
  88  13:20  Marauder x2  
  88  13:24  Marauder x2  
  96  13:28  Supply Depot  
  96  13:29  Medivac x2  
  96  13:32  Supply Depot  
  96  13:33  Refinery  
  99  13:38  Refinery  
  72  13:50  Marine  
  72  13:51  Marauder x2, Marine x2  
  64  13:56  Orbital Command  
  64  13:57  Marine  
  64  14:00  Medivac x2  
  65  14:08  Marine  
  65  14:09  Marine x2  
  62  14:13  Missile Turret, Marauder x2  
  62  14:15  Marine  
  62  14:21  Orbital Command  
  59  14:27  Marauder  
  62  14:33  Marine  
  62  14:34  Marine, Marauder  
  59  14:48  Marine  
  59  14:51  Marine  
  61  14:53  Marauder  
  61  14:55  Marine  
  60  15:02  Orbital Command  
  60  15:06  Marine  
  54  15:07  Liberator x2  
  54  15:09  Marauder  
  56  15:18  Marine x2  
  62  15:24  Marauder  
  66  15:30  Marauder  
  66  15:34  SCV x3  
  71  15:35  Ghost  
  71  15:36  Marine  
  74  15:44  Ghost  
  74  15:47  SCV  
  77  15:50  Liberator x2  
  77  15:51  Ghost  
  77  15:52  SCV  
  77  15:53  Marine  
  81  15:59  Refinery x2  
  81  16:04  Marine  
  81  16:07  SCV x3  
  91  16:11  SCV, Marine  
  91  16:14  Marauder  
  91  16:15  Missile Turret  
  95  16:19  SCV  
  95  16:24  Hi-Sec Auto Tracking  
  96  16:26  Terran Infantry Weapons Level 3, Terran Infantry Armor Level 3  
  96  16:27  Marine  
  96  16:28  Marine  
  96  16:29  Marine  
  96  16:31  Missile Turret  
  98  16:35  Marauder  
  100  16:45  Marine  
  100  16:46  Marauder  
  103  16:47  Marauder  
  105  17:04  Marine x2  
  105  17:07  Marauder  
  109  17:09  Marauder  
  109  17:13  Liberator x2  
  84  17:26  Marine  
  84  17:27  Marine  
  84  17:28  Marine  
  81  17:30  Marine  
  81  17:31  SCV, Widow Mine  
  91  17:40  Barracks  
  91  17:41  Barracks  
  91  17:42  Barracks  
  91  17:44  Marine  
  91  17:45  Marauder  
  91  17:46  Marine  
  91  17:47  Marine  
  96  17:51  Bunker  
  96  17:53  SCV x2  
  96  17:55  Bunker  
  96  17:56  Liberator  
  98  18:02  Marine  
  98  18:04  Marine  
  98  18:05  Marine  
  101  18:13  Command Center  
  101  18:15  Terran Vehicle And Ship Armor Level 1  
  101  18:19  Marine  
  105  18:20  Marine  
  105  18:22  Marauder  
  105  18:23  Factory Tech Lab  
  107  18:30  Marine x2  
  107  18:31  Marauder  
  111  18:37  Marauder  
  113  18:44  Marine  
  113  18:45  Marauder  
  113  18:46  Marauder  
  113  18:48  Marine  
  120  18:52  Marauder  
  120  18:55  Siege Tank  
  125  18:58  Barracks Reactor, Marauder  
  125  19:01  Barracks  
  125  19:02  SCV, Marine  
  127  19:03  Refinery x2  
  127  19:06  Marine  
  127  19:07  Marauder x2  
  66  19:52  Marine x3  
  52  19:57  Siege Tank  
  63  20:03  SCV x2  
  64  20:09  Marine x2  
  64  20:12  Marine x2  
Tags
 
Add a new tag
Caveats
  • Supply blocks, unpowered buildings, or Contaminate may cause inaccurate times.
  • Supply counts are checked every 10 seconds.